 Dungeon Crawl Stone Soup version 0.17-a0-1842-gacc33f2 (webtiles) character file.

452 Iamburgie the Cudgeler (level 7, 0/43 HPs)
             Began as a Gargoyle Gladiator on Sept 17, 2015.
             Slain by an orc priest
             ... wielding a +0 falchion
              (1 damage)
             ... on level 5 of the Dungeon.
             The game lasted 00:21:57 (5529 turns).

Iamburgie the Cudgeler (Gargoyle Gladiator)         Turns: 5529, Time: 00:21:57

Health: 0/43       AC: 16    Str: 20    XL:     7   Next: 4%
Magic:  7/7        EV:  9    Int:  9    God:
Gold:   109        SH:  7    Dex: 10    Spells: 0 memorised, 6 levels left

rFire  . . .     SeeInvis .     a - +0 flail
rCold  . . .     Clarity  .     n - +1 ring mail
rNeg   + . .     SustAt   .     d - +0 shield
rPois  ∞         Gourm    +     g - +1 helmet
rElec  +         Spirit   .     p - +0 cloak
rCorr  .         Warding  .     c - +1 pair of gloves
rMut   .         Stasis   .     b - +0 pair of boots
MR     .....                    w - amulet of the gourmand
Stlth  ..........               (no ring)
                                (no ring)

@: not resistant to hostile enchantments, extremely unstealthy
A: negative energy resistance 1, electricity resistance, unbreathing,
petrification resistance, rot immunity, AC +4
a: no special abilities


You were on level 5 of the Dungeon.
You were hungry.

You visited 1 branch of the dungeon, and saw 6 of its levels.

You collected 109 gold pieces.

Inventory:

Hand weapons
 a - a +0 flail (weapon)
 j - a +1 hunting sling of freezing
Missiles
 f - 114 stones (quivered)
Armour
 b - a +0 pair of boots (worn)
 c - a +1 pair of gloves (worn)
 d - a +0 shield (worn)
 g - a +1 helmet (worn)
 n - a +1 ring mail (worn)
 p - a +0 cloak (worn)
Jewellery
 o - an uncursed amulet of rage
 w - an amulet of the gourmand (around neck)
Scrolls
 h - 2 scrolls of identify
 k - a scroll of enchant armour
 l - a scroll of enchant weapon {unknown}
 m - a scroll of amnesia
 s - a scroll of fog {unknown}
 x - a scroll of remove curse
 y - a scroll of teleportation
Potions
 i - a potion of curing
 t - 2 potions of brilliance
 u - a potion of lignification
Comestibles
 e - 2 bread rations
 v - 4 slices of pizza
 z - 5 fruits


   Skills:
 + Level 4.0 Fighting
 * Level 5.3 Maces & Flails
 + Level 3.6 Throwing
 + Level 3.6 Dodging


You had 6 spell levels left.
You didn't know any spells.

Dungeon Overview and Level Annotations

Branches:
Dungeon (6/15)
 Temple: D:4-7

Altars:
Cheibriados
Dithmenos
Elyvilon
Nemelex Xobeh
Trog
Xom

Shops:
D:4 **[}


Innate Abilities, Weirdness & Mutations

You are resistant to torment.
Your stone body is resilient (AC +4).
You are immune to poison.
You resist negative energy.
You are resistant to electric shocks.
You can survive without breathing.
You are immune to petrification.
You are immune to rotting.


Message History

A hound comes into view.
The hound barks!
You hear a shout!
The hound moves out of view.
The orc wizard mumbles some strange words.
The orc wizard blinks!
The orc priest hits you but does no damage.
You block the orc priest's attack.
You climb upwards.
The yak gores you but does no damage.
The phantom blinks!
There is a stone staircase leading down here.
You sock the orc priest!
The orc priest is heavily wounded.
You block the yak's attack. The phantom completely misses you.
The orc priest hits you but does no damage.
You closely miss the orc priest.
The orc priest is heavily wounded.
The yak gores you but does no damage. The phantom hits you.
* * * LOW HITPOINT WARNING * * *
The orc priest hits you with a falchion.
You die...

#..# #..# #Y.# #..#
#..# #Y.# # #..# #.
#############..#
#.##...@oY........#
#......YW..!.....##
#.§#.#############
####......#
........#†#
#########.# #÷# #.#
#.########


You could see 2 yaks, a phantom and an orc priest.

Vanquished Creatures
  A yak (D:5)
  Blork the orc (D:4)
  A giant frog zombie (D:5)
  An iguana (D:5)
  4 gnolls (D:3)
  5 adders
  3 oozes
  5 worms
  A giant gecko (D:5)
  10 orcs
  A ball python (D:5)
  3 giant cockroaches
  10 hobgoblins
  11 jackals
  6 kobolds
  A quokka (D:4)
  4 bats
  4 giant newts
  6 goblins
  3 rats
81 creatures vanquished.

Notes
Turn   | Place    | Note
--------------------------------------------------------------
     0 | D:1      | Iamburgie the Gargoyle Gladiator began the quest for the Orb.
     0 | D:1      | Reached XP level 1. HP: 12/12 MP: 1/1
   139 | D:1      | Reached XP level 2. HP: 7/17 MP: 2/2
   703 | D:1      | Reached XP level 3. HP: 15/22 MP: 3/3
  1724 | D:2      | Reached XP level 4. HP: 27/27 MP: 4/4
  1924 | D:2      | Found a bloodstained altar of Trog.
  1933 | D:2      | Found a white marble altar of Elyvilon.
  1935 | D:2      | Found a shimmering altar of Xom.
  1938 | D:2      | Found a snail-covered altar of Cheibriados.
  2433 | D:2      | Reached skill level 4 in Maces & Flails
  2540 | D:2      | Reached XP level 5. HP: 14/32 MP: 5/5
  3556 | D:4      | Noticed a phantom
  3557 | D:4      | Found Ygoymis's General Store.
  3865 | D:4      | Found a sparkling altar of Nemelex Xobeh.
  3876 | D:4      | Noticed Blork the orc
  4309 | D:4      | Found Yphigre's Assorted Antiques.
  4329 | D:4      | Found a shadowy altar of Dithmenos.
  4498 | D:4      | Found Qumereli's Armour Emporium.
  4590 | D:4      | Found Kekucrai's Gadget Emporium.
  4617 | D:4      | Killed Blork the orc
  4617 | D:4      | Reached XP level 6. HP: 35/37 MP: 6/6
  4890 | D:4      | Found a shadowy altar of Dithmenos.
  4981 | D:5      | Entered Level 5 of the Dungeon
  5412 | D:5      | Noticed a yak
  5412 | D:5      | Noticed a yak
  5412 | D:5      | Noticed a yak
  5413 | D:5      | Noticed a yak
  5413 | D:5      | Noticed a yak
  5426 | D:5      | Noticed a yak
  5440 | D:5      | Killed a yak
  5440 | D:5      | Reached skill level 5 in Maces & Flails
  5440 | D:5      | Reached XP level 7. HP: 6/43 MP: 7/7
  5525 | D:6      | HP: 2/43 [orc priest/divine providence (16)]
  5529 | D:5      | Slain by an orc priest

Vault maps used:
D:1:      dpeg_arrival_brainrot
D:2:      minitemple, first_bread, st_stairs_6
D:3:      kennysheep_boxes
D:4:      kennysheep_little_box, nemelex_xobeh_ov_fountains_minmay,
          serial_shops, shop, nicolae_shop_temple_entry_statues_fountains, shop,
          shop, grunt_dithmenos_smoke, uniq_blork_the_orc
D:5:      led_sif_pool, guppyfry_early_lair_pool, uniq_prince_ribbit1
D:6:      gup_sewer_entry_glass

Action                   |  1- 3 |  4- 6 |  7- 9 || total
-------------------------+-------+-------+-------++-------
Melee: Flail             |   101 |   267 |     8 ||   376
 Fire: Hunting sling     |       |    22 |     2 ||    24
  Use: Scroll            |       |    13 |       ||    13
  Eat: Chunk             |     3 |     7 |       ||    10
       Bread ration      |       |     1 |       ||     1
